 Dungeon Crawl Stone Soup version 0.24.1-11-gbbbb2193e6 (webtiles) character file.

Game seed: 2810830892820664603, levelgen mode: deterministic

209 Hugehornet the Insei (level 5, 0/33 HPs)
             Began as an Octopode Transmuter on May 12, 2020.
             Slain by an orc wizard
             ... wielding a +0 dagger
              (6 damage)
             ... on level 3 of the Dungeon.
             The game lasted 00:06:37 (4278 turns).

Hugehornet the Insei (Octopode Transmuter)          Turns: 4278, Time: 00:06:38

Health: 0/33       AC:  2    Str: 10    XL:     5   Next: 87%
Magic:  7/9        EV: 19    Int: 16    God:
Gold:   146        SH:  0    Dex: 17    Spells: 0/10 levels left

rFire    . . .     SeeInvis .     - Unarmed
rCold    . . .     Gourm    +   (shield currently unavailable)
rNeg     . . .     Faith    .   (helmet currently unavailable)
rPois    x         Spirit   .   f - amulet of the gourmand
rElec    .         Reflect  .   (no ring)
rCorr    .         Harm     .   (no ring)
MR       .....                  (no ring)
Stlth    ++........             (no ring)
HPRegen  0.11/turn              (no ring)
MPRegen  0.11/turn              (no ring)
                                (no ring)
                                (no ring)

@: spider-form
A: tiny, almost no armour, stealthy swim, (amphibious), 8 rings, (constrict 8)
a: End Transformation


You were on level 3 of the Dungeon.
You were completely stuffed.
You were a venomous arachnid creature.
You visited 1 branch of the dungeon, and saw 3 of its levels.

You collected 146 gold pieces.

Inventory:

Missiles
 a - 12 arrows
Armour
 e - a +0 buckler
Jewellery
 f - an amulet of the gourmand (around neck)
Scrolls
 b - 2 scrolls of teleportation
 h - a scroll of amnesia {unknown}
 i - a scroll of identify {unknown}
Potions
 g - a potion of magic {unknown}
 j - a potion of lignification {unknown}
 k - a potion of curing
Comestibles
 c - 5 rations


   Skills:
 - Level 1.0 Fighting
 - Level 2.0 Dodging
 + Level 3.7 Unarmed Combat
 + Level 3.1 Spellcasting
 * Level 3.3 Transmutations
 * Level 1.2 Ice Magic
 - Level 3.0 Poison Magic


You couldn't memorise any spells.
You knew the following spells:

 Your Spells              Type           Power        Failure   Level  Hunger
a - Beastly Appendage     Tmut           ##....       14%         1    None
b - Sticks to Snakes      Tmut           ##......     19%         2    ##.....
c - Spider Form           Tmut/Pois      ##........   32%         3    ###....
d - Ice Form              Ice/Tmut       #.......     77%         4    ####...

Your spell library contained the following spells:

 Spells                   Type           Power        Failure   Level  Hunger
 Blade Hands              Tmut           ##........   90%         5    ######.


Dungeon Overview and Level Annotations

Branches:
Dungeon (3/15)

Altars:


Innate Abilities, Weirdness & Mutations

You cannot wear most types of armour.
You are very stealthy in the water. (Stealth+)
((You are amphibious.))
You can wear up to eight rings at the same time.
((You can use your tentacles to constrict eight enemies at once.))
((Your skin changes colour to match your surroundings (Stealth+).))
((Your rubbery body absorbs attacks. (AC +1, EV +1)))


Message History

You closely miss something.
You feel sick. Something hits you. The orc completely misses you.
You barely miss something.
You feel sick. Something hits you but does no damage.
The orc completely misses you.
You hit the orc but do no damage.
The orc is poisoned.
You feel sick. Something hits you!
* * * LOW HITPOINT WARNING * * *
It was a potion of curing.
You feel better. The orc closely misses you. Something hits you.
You hit the orc but do no damage.
The orc looks as sick as possible!
The orc is moderately wounded.
The orc misses you. Something hits you.
* * * LOW HITPOINT WARNING * * *
You bite the orc!
You kill the orc!
Something hits you.
* * * LOW HITPOINT WARNING * * *
You closely miss something. You hit something. Something hits you.
You die...

.......####'##.##.........#
.o.............##.........#
...............##.........#
...............#...........
.######........#.#.##.....#
####........#.#.#.......
.............#.#.#......#
...!.........#.#.#'##...#
........)s....#..........#
........{.....#.........##
..............#.........'.
..............#.........##
.....#######.#.........##
.... #?..........+. ...
##..........## ..
#..........# #..####.####


There were no monsters in sight!

Vanquished Creatures
  Crazy Yiuf (D:3)
  8 adders
  2 oozes
  2 worms (D:2)
  A leopard gecko (D:1)
  12 orcs
  11 bats
  2 giant cockroaches
  9 goblins
  6 hobgoblins
  12 jackals
  3 kobolds
  5 frilled lizards
  6 rats
80 creatures vanquished.

Notes
Turn   | Place    | Note
-------+----------+-------------------------------------------
     0 | D:1      | Hugehornet the Octopode Transmuter began the quest for the
                  | Orb.
     0 | D:1      | Reached XP level 1. HP: 13/13 MP: 3/3
   585 | D:1      | Reached XP level 2. HP: 18/18 MP: 3/5
   589 | D:1      | Learned a level 2 spell: Sticks to Snakes
   917 | D:1      | Reached XP level 3. HP: 23/23 MP: 4/6
   929 | D:1      | Learned a level 3 spell: Spider Form
  1710 | D:2      | Reached skill level 1 in Poison Magic
  2013 | D:2      | Reached XP level 4. HP: 28/28 MP: 7/7
  2948 | D:3      | Reached XP level 5. HP: 14/33 MP: 9/9
  2951 | D:2      | HP: 1/33 [orc/+0 dagger (4)]
  3342 | D:3      | Found a runed translucent door.
  3349 | D:3      | Learned a level 4 spell: Ice Form
  3349 | D:3      | Noticed Crazy Yiuf
  3360 | D:3      | Killed Crazy Yiuf
  3818 | D:3      | Reached skill level 1 in Ice Magic
  4278 | D:3      | Slain by an orc wizard

Levels and vault maps discovered:
D:1:      ncdulo_smallfort, layout_basic, minmay_misc_feat_chi
D:2:      layout_loops_ring
D:3:      layout_basic, tso_oasis_becter, makhleb_blood_cavern_becter,
          first_ration, chequers_ecumenical_altar_simple,
          uniq_crazy_yiuf_cottage, uniq_robin

Skill      XL: |  1  2  3  4  5 |
---------------+----------------+-----
Transmutations | 3 |  3.3
Poison Magic   | 1 2 3 |  3.0
Spellcasting   | 3 |  3.1
Ice Magic      | 1 |  1.2
Fighting       | |  1.0
Dodging        | |  2.0
Unarmed Combat | |  3.7

Action                   |  1- 3 |  4- 6 || total
-------------------------+-------+-------++-------
Melee: Unarmed           |   101 |   114 ||   215
       Kick              |    22 |    17 ||    39
       Constrict         |    27 |    25 ||    52
       Tentacles         |     7 |    12 ||    19
       Punch             |     1 |       ||     1
 Cast: Beastly Appendage |    28 |    22 ||    50
       Spider Form       |       |     2 ||     2
  Use: Scroll            |       |     2 ||     2
       Potion            |       |     1 ||     1
 Stab: Sleeping          |     7 |     2 ||     9
  Eat: Chunk             |     4 |    16 ||    20
Armor: Skin              |     5 |    12 ||    17
Dodge: Dodged            |    67 |    97 ||   164
